 Dungeon Crawl Stone Soup version 0.24-a0-180-g654ca03 (webtiles) character file.

Game seed: 1130068795728681567

49 CloudKeeper the Skirmisher (level 4, -5/37 HPs)
             Began as a Formicid Abyssal Knight on Mar 13, 2019.
             Was a Follower of Lugonu.
             Slain by a wyvern zombie (9 damage)
             ... on level 2 of the Dungeon.
             The game lasted 00:03:50 (1249 turns).

CloudKeeper the Skirmisher (FoAK)                   Turns: 1249, Time: 00:03:51

Health: -5/37      AC:  4    Str: 17 (18) XL:     4   Next: 2%
Magic:  5/5        EV: 16    Int:  8 (11) God:    Lugonu [*.....]
Gold:   92         SH:  0    Dex: 12 (15) Spells: 3/3 levels left

rFire    . . .     SeeInvis +   f - +4 hand axe
rCold    . . .     Gourm    .   (no shield)
rNeg     . . .     Faith    .   b - +0 leather armour
rPois    .         Spirit   .   (helmet unavailable)
rElec    .         Reflect  .   (no cloak)
rCorr    .         Harm     .   (no gloves)
MR       .....                  h - +0 pair of boots
Stlth    ++........             j - amulet of regeneration
HPRegen  0.52/turn              (no ring)
MPRegen  0.09/turn              (no ring)

@: agile
A: permanent stasis, dig shafts and tunnels, four strong arms, antennae 3
a: Dig, Shaft Self, Depart the Abyss, Renounce Religion


You were on level 2 of the Dungeon.
You worshipped Lugonu.
Lugonu was aware of your devotion.
You were not hungry.

You visited 1 branch of the dungeon, and saw 2 of its levels.
You visited the Abyss 1 time.

You collected 92 gold pieces.

Inventory:

Hand Weapons
 f - a +4 hand axe (weapon)
Armour
 b - a +0 leather armour (worn)
 h - a +0 pair of boots (worn)
Jewellery
 j - an amulet of regeneration (around neck)
Scrolls
 a - a scroll of fog {unknown}
 d - a scroll of remove curse {unknown}
 e - 2 scrolls of teleportation {unknown}
 g - 2 scrolls of fear {unknown}
 m - a scroll of identify {unknown}
Comestibles
 c - 5 rations
 l - 2 chunks of flesh


   Skills:
 + Level 3.9 Fighting
 + Level 3.0 Axes
 + Level 2.7 Armour
 + Level 1.0 Dodging
 + Level 2.2 Invocations


You had 3 spell levels left.
You didn't know any spells.
Your spell library was empty.

Dungeon Overview and Level Annotations

Branches:
Dungeon (2/15)

Altars:


Innate Abilities, Weirdness & Mutations

You cannot be hasted, slowed, berserked, paralysed or teleported.
You can dig through walls and to a lower floor.
Your four strong arms can wield two-handed weapons with a shield.
You have a pair of large antennae on your head. (SInv)


Message History

The wyvern zombie bites you!
* * * LOW HITPOINT WARNING * * *
The wyvern zombie completely misses you.
The wyvern zombie misses you. The wyvern zombie bites you.
* * * LOW HITPOINT WARNING * * *
A quokka comes into view.
The quokka bites the bush but does no damage.
The wyvern zombie bites you.
* * * LOW HITPOINT WARNING * * *
You hit the wyvern zombie.
The wyvern zombie is heavily damaged.
You hit the bush but do no damage. You hit the bush.
You hit the bush but do no damage. x3; The wyvern zombie barely misses you.
You slash the wyvern zombie!
The wyvern zombie is severely damaged.
You hit the bush but do no damage. You hit the bush.
You hit the bush but do no damage. x2; You hit the bush.
The wyvern zombie bites you!
You die...

.. ###....##.#.#####.####
....######<........#..........#
.....................#........#
#...>#.#########.............#
#.. #.########..............# #
#..PPPPPPP.PPP..........###
#......P.P.P.P.#.........÷.
####.#P.P.P.PZP.P..........##.
......P†P.P.P@...††....>...##.
####.#P.PPP.P.PPP÷.........##.
#.#P.........P.#.###'#####.
#(#PPP.PPP.PPP.............
#.#P...PrP.P.P###.##.######
#P.PPP.P.P.P###..#.###
..P.....P...P.............
...P.P.PPPPPPP####.#.######
.?.P.P.. .... ...#


You could see a wyvern zombie and a quokka.

Vanquished Creatures
  A worm (D:2)
  2 dart slugs
  3 leopard geckos
  6 bats (D:1)
  A giant cockroach (D:2)
  3 goblins (D:1)
  4 hobgoblins
  6 jackals
  A ball python (D:1)
  A frilled lizard (D:1)
  9 rats
37 creatures vanquished.

Vanquished Creatures (others)
  14 toadstools (D:1)
14 creatures vanquished.

Grand Total: 51 creatures vanquished

Notes
Turn   | Place    | Note
-------+----------+-------------------------------------------
     0 | Abyss:1  | CloudKeeper the Formicid Abyssal Knight began the quest for
                  | the Orb.
     0 | Abyss:1  | Reached XP level 1. HP: 18/18 MP: 2/2
    31 | Abyss:1  | Noticed a small abomination
    46 | Abyss:1  | Noticed an unseen horror
    49 | D:1      | Escaped the Abyss
   152 | D:1      | Reached XP level 2. HP: 16/24 MP: 3/3
   279 | D:1      | Reached * piety under Lugonu
   280 | D:1      | Reached XP level 3. HP: 12/30 MP: 4/4
  1046 | D:2      | Reached skill level 1 in Dodging
  1133 | D:2      | Reached XP level 4. HP: 28/37 MP: 5/5
  1249 | D:2      | Slain by a wyvern zombie

Levels and vault maps discovered:
D:1:      nagdon_arrival_zigzag_paths, layout_loops_ring
D:2:      layout_basic, nicolae_overflow_crystal_walls, old_standard_altar,
          minmay_hedge_maze, minmay_misc_feat_encased
Abyss:1:  hangedman_elemental_corridor

Skill      XL: |  1  2  3 |
---------------+----------+-----
Dodging        | 1 |  1.0
Axes           | 3 |  3.0
Fighting       | |  3.9
Armour         | |  2.7
Invocations    | |  2.2

Action                   |  1- 3 |  4- 6 || total
-------------------------+-------+-------++-------
Melee: Hand axe          |    82 |     9 ||    91
Invok: Depart the Abyss  |     1 |       ||     1
  Use: Potion            |       |     3 ||     3
  Eat: Chunk             |     1 |       ||     1
Armor: Leather armour    |    33 |     2 ||    35
Dodge: Dodged            |    69 |    13 ||    82

Table legend:
 A = Non-vault XP
 B = Vault XP
 C = Vault XP percentage of total XP
 D = Non-vault monster count
 E = Vault monster count
 F = Vault count percentage of total count
                 A         B        C        D         E       F
            +---------+---------+-------+---------+---------+-------
      Total |      71 |       0 |   0.0 |      37 |       0 |   0.0
            +---------+---------+-------+---------+---------+-------
        D:1 |      46 |       0 |   0.0 |      26 |       0 |   0.0
        D:2 |      25 |       0 |   0.0 |      11 |       0 |   0.0
            +---------+---------+-------+---------+---------+-------
